 Dungeon Crawl Stone Soup version 0.21.1-1-g345015fe64 (webtiles) character file.

109 Goboxel the Conjurer (level 4, -1/33 HPs)
             Began as a Draconian Conjurer on Apr 22, 2018.
             Killed by divine providence
             ... invoked by an orc priest
              (9 damage)
             ... on level 3 of the Dungeon.
             The game lasted 00:15:31 (2655 turns).

Goboxel the Conjurer (Draconian Conjurer)           Turns: 2655, Time: 00:15:32

Health: -1/33      AC:  5    Str: 10    XL:     4   Next: 60%
Magic:  2/8        EV: 12    Int: 16    God:
Gold:   177        SH:  0    Dex: 12    Spells: 3/9 levels left

rFire    . . .     SeeInvis +   e - -3 dagger (curse)
rCold    . . .     Gourm    .   (no shield)
rNeg     . . .     Faith    .   (armour unavailable)
rPois    .         Spirit   .   (helmet restricted)
rElec    .         Reflect  .   (no cloak)
rCorr    .         Harm     .   (no gloves)
MR       .....     Rnd*Tele +   (no boots)
Stlth    ++........             (no amulet)
HPRegen  0.11/turn              m - ring of see invisible
MPRegen  0.11/turn              q - ring of teleportation (curse)

@: very slightly contaminated, drained
A: unfitting armour, cold-blooded, AC +5
a: no special abilities


You were on level 3 of the Dungeon.
You were hungry.

You visited 1 branch of the dungeon, and saw 3 of its levels.

You collected 177 gold pieces.

Inventory:

Hand Weapons
 e - a cursed -3 dagger (weapon)
 g - a +2 short sword of speed
 t - a +0 dagger of draining
Jewellery
 m - a ring of see invisible (left hand)
 p - a +3 ring of evasion {unknown}
 q - a cursed ring of teleportation (right hand)
Scrolls
 d - 2 scrolls of teleportation
 o - 2 scrolls of enchant armour
 r - a scroll of fear
Potions
 c - 3 potions of might {unknown}
 f - 4 potions of heal wounds
 h - a potion of ambrosia {unknown}
 i - 2 potions of invisibility {unknown}
 k - a potion of brilliance {unknown}
 l - 2 potions of curing {unknown}
 n - 2 potions of degeneration {unknown}
Books
 a - a book of Conjurations

   Spells                             Type                      Level
   a - Magic Dart                     Conjuration                  1
   b - Searing Ray                    Conjuration                  2
   c - Dazzling Spray                 Conjuration/Hexes            3
   d - Fulminant Prism                Conjuration/Hexes            4
   e - Force Lance                    Conjuration/Translocation    4
   f - Iskenderun's Mystic Blast      Conjuration                  4
Comestibles
 b - 12 rations
 j - a chunk of flesh


   Skills:
   Level 0.4(0.3) Maces & Flails
 + Level 2.3 Dodging
 - Level 2.0 Stealth
 * Level 3.0 Spellcasting
 * Level 5.0 Conjurations


You had 3 spell levels left.
You knew the following spells:

 Your Spells              Type           Power        Failure   Level  Hunger
a - Magic Dart            Conj           ###.         2%          1    #......
b - Searing Ray           Conj           ###...       3%          2    ##.....
c - Dazzling Spray        Conj/Hex       ##....       21%         3    ###....


Dungeon Overview and Level Annotations

Branches:
Dungeon (3/15)

Altars:
Yredelemnul

Annotations:
D:3 Froggeryz's ghost, weakling GrMo


Innate Abilities, Weirdness & Mutations

Your plain brown scales are hard. (AC +5)
You cannot fit into any form of body armour.
You are cold-blooded and may be slowed by cold attacks.


Message History

The orc priest is severely wounded.
You finish channeling your searing ray.
The orc shouts!
The orc priest hits you with a flail. The orc priest hits you with a flail!
The orc priest casts a cantrip, but nothing happens.
The orc barely misses you.
Unknown command.
Casting: Searing Ray
Confirm with . or Enter, or press ? or * to list all spells.
Aiming: Searing Ray
Press: ? - help, Shift-Dir - straight line, f - orc priest
Aim: an orc priest, wielding a flail and wearing a leather armour (severely wounded)
You miscast Searing Ray.
You are very lightly contaminated with residual magic.
Nothing appears to happen.
The orc priest hits you with a flail.
* * * LOW HITPOINT WARNING * * *
The orc priest invokes the aid of Beogh against you.
Beogh smites you!
You die...

#.## ... #... .. #.# #.##.≈.
.. #.# #.##... .. ##########.#
##.# ##.≈. .. #.)...((...#
.#.#.##...###.# #.####(##..#
.....#≈.≈.≈...# #. ##)).##....
.......≈.≈...##
#.##.....#######.###...o.###.#
#.#.......#...@oo....... #<#
#....._.....####)###..# #.#
###.......### .# #. #.#
##.....## .# # #.# ##...## .#
#.# ##.## ## ..# #.# ..# #..
..# ####


You could see an orc priest and an orc.

Vanquished Creatures
  4 adders
  An ooze (D:2)
  A worm (D:2)
  A dart slug (D:1)
  2 leopard geckos
  An orc (D:3)
  A ball python (D:1)
  A giant cockroach (D:3)
  5 goblins
  8 hobgoblins
  2 jackals (D:2)
  2 quokkas
  6 bats
  6 frilled lizards
  11 kobolds
  10 rats
62 creatures vanquished.

Notes
Turn   | Place    | Note
-------+----------+-------------------------------------------
     0 | D:1      | Goboxel the Draconian Conjurer began the quest for the Orb.
     0 | D:1      | Reached XP level 1. HP: 14/14 MP: 3/3
   330 | D:1      | Reached XP level 2. HP: 17/20 MP: 0/5
   376 | D:1      | Learned a level 2 spell: Searing Ray
  1194 | D:2      | Reached XP level 3. HP: 26/26 MP: 1/6
  1199 | D:2      | Learned a level 3 spell: Dazzling Spray
  1663 | D:2      | Reached XP level 4. HP: 33/33 MP: 5/8
  2300 | D:3      | Noticed Froggeryz's ghost (weakling GrMo)
  2570 | D:3      | Found a basalt altar of Yredelemnul.
  2576 | D:3      | Reached skill level 5 in Conjurations
  2655 | D:3      | Killed from afar by an orc priest

Skill      XL: |  1  2  3  4 |
---------------+-------------+-----
Stealth        | 2 |  2.0
Dodging        | 2 |  2.3
Spellcasting   | 3 |  3.0
Conjurations   | 5 |  5.0
Maces & Flails | |  0.4

Action                   |  1- 3 |  4- 6 || total
-------------------------+-------+-------++-------
Melee: Whip              |    47 |     3 ||    50
       Unarmed           |     8 |       ||     8
       Tailslap          |     8 |     2 ||    10
       Dagger            |       |    25 ||    25
 Cast: Magic Dart        |    55 |    14 ||    69
       Searing Ray       |     7 |     7 ||    14
       Dazzling Spray    |       |     2 ||     2
  Use: Scroll            |     6 |     3 ||     9
 Stab: Sleeping          |       |     1 ||     1
  Eat: Chunk             |     4 |     3 ||     7
Armor: Skin              |    33 |    12 ||    45
Dodge: Dodged            |    76 |    30 ||   106
